 Dungeon Crawl Stone Soup version 0.27-a0-1144-g0b7d3b79db (webtiles) character file.

Game seed: 14273494035172849117

690 kae the Ruffian (level 7, -1/49 (54) HPs)
             Began as a Demonspawn Abyssal Knight on May 10, 2021.
             Was a Believer of Lugonu.
             Slain by a wight
             ... wielding a +4 falchion
              (12 damage)
             ... on level 7 of the Dungeon.
             The game lasted 00:03:49 (4922 turns).

kae the Ruffian (Demonspawn Abyssal Knight)         Turns: 4922, Time: 00:03:50

HP:   -1/49 (54)    AC:  6    Str: 15    XL:     7   Next: 36%
MP:   8/8           EV: 10    Int: 13    God:    Lugonu [**....]
Gold: 181           SH:  4    Dex: 12    Spells: 6/6 levels left

rFire    + . .     SeeInvis .   a - +1 falchion
rCold    . . .     Faith    .   (no shield)
rNeg     . . .     Spirit   .   h - +0 ring mail
rPois    .         Reflect  .   f - +0 helmet
rElec    .         Harm     .   (no cloak)
rCorr    .         Rampage  .   (no gloves)
Will     .....                  (no boots)
Stlth    +.........             (no amulet)
HPRegen  0.16/turn              b - ring of protection from fire
MPRegen  0.11/turn              (no ring)

@: drained
A: claws 1, foul stench 2, condensation shield
a: Renounce Religion, Depart the Abyss, Bend Space


You were on level 7 of the Dungeon.
You worshipped Lugonu.
Lugonu was pleased with you.
You visited 1 branch of the dungeon, and saw 5 of its levels.
You visited the Abyss 1 time.

You collected 181 gold pieces.

Inventory:

Hand Weapons
 a - a +1 falchion (weapon)
Missiles
 c - 2 atropa-tipped darts
Armour
 f - a +0 helmet (worn)
 h - a +0 ring mail (worn)
Jewellery
 b - a ring of protection from fire (left claw)
Wands
 l - a wand of flame (12)
 m - a wand of iceblast (8)
Scrolls
 d - a scroll of identify {unknown}
 o - a scroll of noise {unknown}
Potions
 e - a potion of brilliance {unknown}
 g - a potion of heal wounds {unknown}
 i - a potion of berserk rage {unknown}
 j - a potion of curing {unknown}
 k - a potion of haste {unknown}
 n - 2 potions of might {unknown}


   Skills:
 - Level 4.0 Fighting
 - Level 3.4 Long Blades
 - Level 1.7 Armour
 - Level 0.8 Dodging
 * Level 6.2 Unarmed Combat
 - Level 2.4 Invocations


You had 6 spell levels left.
You didn't know any spells.
Your spell library was empty.

Dungeon Overview and Level Annotations

Branches:
Dungeon (4/15)             Temple (0/1) D:4

Altars:
Gozag
Makhleb
Uskayaw

Shops:
D:2 [

Annotations:
D:4 2 transporters, Cralpanu's ghost, novice FoFi
D:7 3 runed translucent doors, Capylives's ghost, novice GnGl


Innate Abilities, Weirdness & Mutations

You have sharp fingernails.
You sometimes emit foul miasma when damaged in melee.
A meltable shield of frost defends you. (SH +4)


Message History

Lugonu accepts your kill.
Your Unarmed Combat skill increases to level 6!
No target in view!
No target in view!
Things that are here:
a +0 shortbow; 17 arrows; a centaur corpse No target in view!
No target in view!
You start resting.
HP restored.
A wight comes into view. It is wielding a +3 hand axe.
A wight comes into view. It is wielding a +4 falchion.
Things that are here:
a +0 shortbow; 17 arrows; a centaur corpse
Aiming: Throw Flame
Press: ? - help, Shift-Dir - straight line, f - wight
Aim: a wight, wielding a +4 falchion and wearing a +0 robe (68% to hit)
The puff of flame hits the wight but does no damage.
You hit the wight but do no damage. The wight hits you with a +4 falchion!
You feel drained.
You hit the wight but do no damage. The wight barely misses you.
You hit the wight.
The wight is lightly damaged.
The wight hits you with a +4 falchion!
You emit a cloud of foul miasma!
You are too injured to fight recklessly!
You are too injured to fight recklessly!
You closely miss the wight.
The wight is lightly damaged.
The wight hits you with a +4 falchion!
You feel drained.
* * * LOW HITPOINT WARNING * * *
You are too injured to fight recklessly!
You are too injured to fight recklessly!
You hit the wight.
The wight is heavily damaged.
The wight hits you with a +4 falchion.
* * * LOW HITPOINT WARNING * * *
You barely miss the wight.
The wight is heavily damaged.
The wight closely misses you. The wight hits you with a +4 falchion!
You die...

#.....## ##.....#
#.....##
#####......#
#..........#
##....####...#
#...### ##.. #..##
## ##@## ##z# #.##
##### #..###
###...##
#....#####......#
#................
#.............###.
#.##..........##
## #.#
###.#####..#


You could see a wight.

Vanquished Creatures
  A necrophage (D:7)
  An ogre (D:7)
  A centaur (D:7)
  A kobold brigand (D:7)
  A scorpion (D:4)
  A water moccasin skeleton (D:4)
  A wight (D:7)
  An orc priest (D:3)
  An iguana (D:7)
  2 orc wizards (D:7)
  A hound skeleton (D:4)
  3 adders
  A white imp (D:7)
  An adder skeleton (D:4)
  2 worms (D:3)
  A dart slug (D:4)
  5 orcs
  3 endoplasms
  3 giant cockroaches
  5 goblins
  6 hobgoblins
  14 jackals
  4 quokkas
  5 ball pythons
  5 bats
  4 frilled lizards
  11 kobolds
  3 rats
88 creatures vanquished.

Vanquished Creatures (others)
  An orc (D:7)
  4 plants
5 creatures vanquished.

Grand Total: 93 creatures vanquished

Notes
Turn   | Place    | Note
-------+----------+-------------------------------------------
     0 | Abyss:1  | kae the Demonspawn Abyssal Knight began the quest for the
                  | Orb.
     0 | Abyss:1  | Reached XP level 1. HP: 18/18 MP: 2/2
   130 | Abyss:1  | Noticed a smoke demon
   133 | D:1      | Escaped the Abyss
   670 | D:1      | Reached * piety under Lugonu
   671 | D:1      | Gained mutation: You may rarely emit foul miasma when
                  | damaged in melee. [demonic ancestry]
   671 | D:1      | Reached XP level 2. HP: 23/24 MP: 3/3
  1077 | D:1      | Found a faded altar of an unknown god.
  1224 | D:1      | Gained mutation: A meltable shield of frost defends you.
                  | (SH +4) [demonic ancestry]
  1224 | D:1      | Reached XP level 3. HP: 28/29 MP: 4/4
  1566 | D:2      | Found Karreic's Antique Armour Boutique.
  2108 | D:3      | Reached ** piety under Lugonu
  2109 | D:3      | Gained mutation: You have sharp fingernails. [demonic
                  | ancestry]
  2109 | D:3      | Reached XP level 4. HP: 37/37 MP: 5/5
  2163 | D:3      | Found a burning altar of Makhleb.
  2295 | D:3      | Found a hide-covered altar of Uskayaw.
  2526 | D:3      | Reached skill level 1 in Unarmed Combat
  3038 | D:3      | Reached XP level 5. HP: 23/42 MP: 6/6
  3242 | D:4      | Reached skill level 2 in Unarmed Combat
  3567 | D:4      | Found an opulent altar of Gozag.
  3578 | D:4      | Reached skill level 3 in Unarmed Combat
  3930 | D:4      | Identified the +11 spear of Imituics {vamp, rF++}
  3968 | D:4      | Found a transporter.
  3974 | D:4      | Found a transporter.
  3977 | D:4      | Noticed Cralpanu's ghost (novice FoFi)
  4018 | D:4      | Found a staircase to the Ecumenical Temple.
  4018 | D:4      | You fall into a shaft and drop 3 floors!
  4018 | D:7      | Noticed an ogre
  4028 | D:7      | Killed an ogre
  4029 | D:7      | Reached skill level 4 in Unarmed Combat
  4029 | D:7      | Reached XP level 6. HP: 48/48 MP: 7/7
  4049 | D:7      | Reached skill level 5 in Unarmed Combat
  4384 | D:7      | Gained mutation: You sometimes emit foul miasma when
                  | damaged in melee. [demonic ancestry]
  4384 | D:7      | Reached XP level 7. HP: 36/54 MP: 8/8
  4544 | D:7      | Found a runed translucent gate.
  4544 | D:7      | Found a runed translucent gate.
  4544 | D:7      | Found a runed translucent gate.
  4547 | D:7      | Noticed a troll
  4548 | D:7      | Noticed Capylives's ghost (novice GnGl)
  4548 | D:7      | Noticed a steam dragon
  4812 | D:7      | Reached skill level 6 in Unarmed Combat
  4922 | D:7      | Slain by a wight

Illustrated notes

Levels and vault maps discovered:
D:1:      giann_forest_graveyard, layout_rooms,
          hellmonk_ecumenical_altar_leap_of_faith
D:2:      layout_rooms, serial_shops, shop
D:3:      cheibrodos_old_hovel, layout_rooms, bloody_makhleb, lemuel_tele_altar
D:4:      layout_rooms, grunt_gozag_breadcrumbs,
          minmay_temple_entry_statues_fountains, gammafunk_ghost_gnarly_gnolls
D:7:      layout_layer_cave, gammafunk_ghost_split

Skill      XL: |  1  2  3  4  5  6  7 |
---------------+----------------------+-----
Long Blades    | 2 3 |  3.4
Unarmed Combat | 1 4 5 6 |  6.2
Fighting       | 4 |  4.0
Armour         | |  1.7
Dodging        | |  0.8
Invocations    | |  2.4

Action                   |  1- 3 |  4- 6 |  7- 9 || total
-------------------------+-------+-------+-------++-------
Melee: Falchion          |   139 |   159 |    25 ||   323
       Punch             |       |     2 |       ||     2
Invok: Depart the Abyss  |     1 |       |       ||     1
Evoke: Wand              |       |     5 |     3 ||     8
  Use: Scroll            |     3 |       |       ||     3
       Potion            |       |     3 |       ||     3
 Stab: Invisible         |       |     3 |       ||     3
Armor: Leather armour    |    35 |       |       ||    35
       Ring mail         |    32 |    41 |     6 ||    79
       Skin              |       |     3 |       ||     3
Dodge: Dodged            |    90 |   101 |    12 ||   203
Block: Other             |    14 |    23 |     2 ||    39
       Rpst.: Falchion   |    29 |    34 |     1 ||    64

Table legend: (Time is in decaauts)
 A = Elapsed time spent in this place.
 B = Non-inter-level travel time spent in this place.
 C = Inter-level travel time spent in this place.
 D = Time resting spent in this place.
 E = Time spent auto-exploring this place.
 F = Levels seen in this place.
 G = Mean time per level.
                   A        B        C        D        E       F      G
               +--------+--------+--------+--------+--------+-----+--------+
         Total |   4970 |   4825 |    145 |   1004 |   3106 |   6 |  828.3 |
       Dungeon |   4837 |   4692 |    145 |    941 |   3040 |   5 |  967.4 |
         Abyss |    133 |    133 |      0 |     63 |     66 |   1 |  133.0 |
               +--------+--------+--------+--------+--------+-----+--------+

Top non-repeatable levels by time:
     D:3: 1443 daAuts
     D:1: 1286 daAuts
     D:7: 912 daAuts
     D:2: 689 daAuts
     D:4: 504 daAuts
 Abyss:1: 133 daAuts
